 Dungeon Crawl Stone Soup version 0.26.1-11-gd32895ea62 (webtiles) character file.

Game seed: 75532116010783246

32723 ytrimaz the Warrior (level 13, -8/128 (130) HPs)
             Began as a Hill Orc Monk on Apr 25, 2021.
             Was a High Priest of Beogh.
             Mangled by a death knight
             ... wielding a +4 glaive
              (13 damage)
             ... on level 15 of the Dungeon on May 2, 2021.
             The game lasted 00:44:33 (15702 turns).

ytrimaz the Warrior (Hill Orc Monk)                Turns: 15702, Time: 00:44:35

HP:   -8/128 (130)  AC: 12    Str: 25    XL:     13   Next: 66%
MP:   18/18         EV: 11    Int: 10    God:    Beogh [*****.]
Gold: 888           SH:  0    Dex: 13    Spells: 10/12 levels left

rFire    . . .     SeeInvis .   i - +0 executioner's axe (vamp)
rCold    . . .     Faith    .   (shield currently unavailable)
rNeg     . . .     Spirit   .   N - +0 scale mail {Will+}
rPois    .         Reflect  .   r - +2 hat {Will+}
rElec    .         Harm     .   (no cloak)
rCorr    +         Rampage  .   h - +0 pair of gloves
Will     ++...                  (no boots)
Stlth    ..........             d - amulet of regeneration
HPRegen  0.71/turn              H - +6 ring of strength
MPRegen  0.16/turn              B - ring of resist corrosion

@: slowed, lightly drained, very slow
A: walk on water
a: Renounce Religion, Smiting, Recall Orcish Followers, Give Item to Named
Follower


You were on level 15 of the Dungeon.
You worshipped Beogh.
Beogh was extremely pleased with you.
You visited 1 branch of the dungeon, and saw 15 of its levels.

You collected 1092 gold pieces.
You spent 204 gold pieces at shops.

Inventory:

Hand Weapons
 b - the +4 dagger "Morg" {pain, Will+ Int+5}
   (You took it off an orc on level 5 of the Dungeon)

   In the hands of one skilled in necromantic magic, it inflicts extra damage on
   living creatures.
   It affects your intelligence (+5).
   It affects your willpower, your defense against some magical effects.
 i - a +0 vampiric executioner's axe (weapon)
 m - a +2 great sword of flaming
 E - a +4 halberd of freezing
Armour
 h - a +0 pair of gloves (worn)
 j - a +0 helmet
 r - a +2 hat of willpower (worn)
 N - a +0 scale mail of willpower (worn)
Jewellery
 d - an amulet of regeneration (around neck)
 g - an uncursed ring of fire {unknown}
 v - an uncursed ring of positive energy {unknown}
 y - an uncursed amulet of guardian spirit {unknown}
 B - a ring of resist corrosion (right hand)
 H - a +6 ring of strength (left hand)
Wands
 a - a wand of digging (1)
 n - a wand of disintegration (9)
 o - a wand of flame (29)
 w - a wand of enslavement (10)
 z - a wand of polymorph (11)
 D - a wand of acid (9)
 K - a wand of iceblast (6)
Scrolls
 c - a scroll of summoning
 e - 4 scrolls of teleportation
 p - 2 scrolls of fear
 t - 6 scrolls of remove curse
 u - a scroll of brand weapon
 A - a scroll of magic mapping
 C - 2 scrolls of fog
 I - 2 scrolls of identify
 M - 2 scrolls of blinking
Potions
 f - a potion of cancellation
 k - 5 potions of curing
 l - 4 potions of lignification
 q - 2 potions of ambrosia
 s - 2 potions of flight
 x - 2 potions of attraction
 F - a potion of mutation {unknown}
 G - 2 potions of might {unknown}
 J - a potion of experience {unknown}
 L - a potion of magic {unknown}


   Skills:
 + Level 16.4 Fighting
 - Level 0.4 Short Blades
 + Level 16.3 Axes
 * Level 11.9 Armour
 - Level 2.4 Dodging
 - Level 1.5 Stealth
 - Level 2.0 Necromancy
 - Level 7.0 Invocations


You had 10 spell levels left.
You knew the following spells:

 Your Spells              Type           Power        Failure   Level
a - Corpse Rot            Necr/Air       N/A          58%         2

Your spell library contained the following spells:

 Spells                   Type           Power        Failure   Level
 Beastly Appendage        Tmut           0%           58%         1
 Magic Dart               Conj           0%           58%         1
 Sandblast                Erth           0%           58%         1
 Passwall                 Tmut/Erth      0%           73%         2
 Searing Ray              Conj           0%           73%         2
 Wereblood                Tmut           0%           73%         2
 Dazzling Flash           Conj/Hex       0%           91%         3
 Spider Form              Tmut/Pois      0%           91%         3
 Stone Arrow              Conj/Erth      0%           91%         3
 Cause Fear               Hex            0%           100%        4
 Fulminant Prism          Conj/Hex       0%           100%        4
 Ice Form                 Ice/Tmut       0%           100%        4
 Iskenderun's Mystic Bla  Conj/Tloc      0%           100%        4
 Petrify                  Tmut/Erth      0%           100%        4
 Blade Hands              Tmut           0%           100%        5
 Lee's Rapid Deconstruct  Erth           0%           100%        5
 Silence                  Hex/Air        0%           100%        5
 Summon Forest            Summ/Tloc      0%           100%        5
 Yara's Violent Unravell  Hex/Tmut       0%           100%        5
 Eringya's Noxious Bog    Tmut/Pois      0%           100%        6
 Hydra Form               Tmut           0%           100%        6
 Summon Hydra             Summ           0%           100%        7
 Discord                  Hex            0%           100%        8


Dungeon Overview and Level Annotations

Branches:
Dungeon (15/15)            Temple (0/1) D:6            Lair (0/6) D:10
    Orc (0/2) D:9          Vaults (0/5) D:14         Depths (0/5) D:15

Altars:
Cheibriados
Fedhas
Gozag
Nemelex Xobeh
Okawaru
Xom
Zin

Shops:
D:4 ?   D:6 [   D:8 [   D:10 (   D:11 }   D:15 *

Annotations:
D:12 3 runed translucent doors, chaostorm's ghost, journeyman DDFi
D:14 3 runed translucent doors, TheGreatAnchovy's ghost, journeyman MiBe; TheGreatAnchovy's ghost, journeyman MiFi


Message History

The skeletal warrior completely misses you.
You slice the freezing wraith!!
The freezing wraith is heavily damaged.
You completely miss the death knight.
The death knight hits you with a +4 glaive!!
The freezing wraith closely misses you.
The freezing wraith hits you but does no damage.
The skeletal warrior hits you from afar with a +0 halberd! x2
* * * LOW HITPOINT WARNING * * *
Marbaugh roars a battlecry!
Your orcs go into a battle-frenzy!
The freezing wraith hits you!
* * * LOW HITPOINT WARNING * * *
The freezing wraith freezes you!
* * * LOW HITPOINT WARNING * * *
The freezing wraith hits you.
* * * LOW HITPOINT WARNING * * *
The wraith hits you but does no damage.
The death knight hits you with a +4 glaive!
You die... #.oo.oooo.+

#..........#..... #..oo#oo..#
#..........#.o.oo #....#....#
#....oo...o#'####
#....#....####....o..#oo.o.#..
###+##....#..#..o....#.....#..
######..#..oo...#.....##'
.......#.......#..#'##..
.....zp#oo.....#..#..#..
.....pW@o......####..###
.....zW#o.........####
.......#..........#..+
######.......#..........#..#
#....######..#.......####..#
#.........#..#.......'..#..#
#...o#....#..#########..#..#
#...o######..#....#..oo.#'##
#..oooo...#..#....#oooo....#


You could see a death knight, 2 skeletal warriors, a freezing wraith, a wizard,
a wraith, the friendly Bogmar the orc knight (strong), the friendly Marbaugh the
orc knight, 3 friendly orc warriors, 2 friendly orc priests and 3 friendly orcs.

Vanquished Creatures
  A fire giant (D:15)
  A hydra (D:12)
  Harold (D:9)
  4 two-headed ogres
  A deep troll (D:14)
  An unseen horror (D:13)
  Pikel (D:7)
  A cyclops (D:13)
  A guardian serpent (shapeshifter) (D:14)
  A kobold demonologist (D:14)
  5 trolls
  Prince Ribbit (D:8)
  A hornet (D:10)
  Grinder (D:3)
  A raiju (shapeshifter) (D:13)
  Sigmund (D:3)
  7 yaks
  2 basilisks (D:15)
  3 wraiths
  Grum (D:8)
  Menkaure (D:6)
  Edmund (D:5)
  An acid dragon (D:13)
  Duvessa (D:6)
  4 orc warriors
  A black bear (D:12)
  2 phantoms
  3 ice beasts
  4 sky beasts
  A necrophage (D:9)
  6 centaurs
  6 wolves
  6 ogres
  2 big kobolds (D:12)
  A gnoll sergeant (D:8)
  8 bullfrogs
  Dowan (D:6)
  2 scorpions
  A wyvern skeleton (D:6)
  A water moccasin skeleton (D:7)
  13 wights
  7 killer bees
  A howler monkey (D:8)
  4 electric eels (D:10)
  5 centaur zombies
  A bullfrog zombie (D:13)
  2 quasits
  10 hounds
  3 orc wizards
  Crazy Yiuf (D:6)
  3 centaur skeletons
  3 orc priests
  3 bullfrog skeletons
  A jelly (D:11)
  5 iguanas
  7 worker ants
  2 hound skeletons
  Robin (D:2)
  A howler monkey zombie (D:7)
  A worker ant zombie (D:5)
  10 gnolls
  8 adders
  6 shadow imps
  A white imp (D:5)
  2 ufetubi
  2 adder skeletons
  4 worms
  3 dart slugs (D:1)
  5 leopard geckos
  15 orcs
  2 ball pythons
  8 giant cockroaches
  19 goblins
  8 hobgoblins
  13 jackals
  8 bats
  6 frilled lizards
  A jackal skeleton (D:3)
  17 kobolds
  A leopard gecko skeleton (D:4)
  4 rats
306 creatures vanquished.

Vanquished Creatures (collateral kills)
  Jorgrun (D:13)
  Gastronok (D:8)
  2 hydras (D:14)
  A boulder beetle (D:13)
  A vault guard (D:14)
  2 centaur warriors
  2 two-headed ogres
  A tengu warrior (D:15)
  Urug (D:12)
  A phantasmal warrior (D:14)
  4 ugly things
  2 cyclopes
  A manticore (D:15)
  3 deep elf magi
  2 gargoyles (D:14)
  2 centaur skeletons
  A komodo dragon (D:13)
  A tengu conjurer (D:15)
  3 trolls
  A wind drake (shapeshifter) (D:14)
  A hornet (D:10)
  A wyvern (D:8)
  A wraith (D:13)
  3 yaks
  A steam dragon (D:15)
  2 sky beasts
  An orc warrior (D:15)
  A hornet zombie (D:10)
  2 phantoms
  2 ogres
  A wolf (D:10)
  5 centaurs
  3 bullfrogs
  A gnoll sergeant (D:10)
  A scorpion (D:8)
  2 killer bees
  5 wights
  An electric eel (D:10)
  3 centaur zombies
  2 bullfrog skeletons
  2 hounds (D:10)
  3 orc wizards
  A worker ant (D:10)
  An adder (D:6)
  An ufetubus (D:9)
  An adder zombie (D:7)
  A leopard gecko (D:8)
  15 orcs
  A jackal (D:9)
  2 kobolds (D:12)
  2 quokkas
102 creatures vanquished.

Vanquished Creatures (others)
  2 orc knights (D:15)
  A tengu conjurer (D:15)
  3 orc warriors
  6 orc wizards
  6 orc priests
  27 orcs
  A plant (D:12)
  5 withered plants (D:14)
51 creatures vanquished.

Grand Total: 459 creatures vanquished

Notes
Turn   | Place    | Note
-------+----------+-------------------------------------------
     0 | D:1      | ytrimaz the Hill Orc Monk began the quest for the Orb.
     0 | D:1      | Reached XP level 1. HP: 19/19 MP: 1/1
   337 | D:1      | Reached XP level 2. HP: 25/27 MP: 2/2
   413 | D:1      | Reached skill level 1 in Armour
   484 | D:1      | Reached XP level 3. HP: 24/33 MP: 3/3
   885 | D:2      | Reached skill level 5 in Axes
  1042 | D:2      | Reached XP level 4. HP: 40/40 MP: 4/4
  1147 | D:2      | Noticed Robin
  1205 | D:2      | Killed Robin
  1746 | D:3      | HP: 2/41 [gnoll/+0 halberd (9)]
  1755 | D:3      | Reached XP level 5. HP: 15/47 MP: 5/5
  2125 | D:3      | Noticed Sigmund
  2152 | D:3      | Killed Sigmund
  2153 | D:3      | Reached skill level 5 in Fighting
  2153 | D:3      | Reached XP level 6. HP: 45/56 MP: 6/6
  2299 | D:3      | Noticed Grinder
  2334 | D:3      | Killed Grinder
  2335 | D:3      | Reached XP level 7. HP: 34/62 MP: 7/7
  2787 | D:4      | Found Geow's Magic Scroll Emporium.
  2793 | D:4      | Bought a scroll of summoning for 104 gold pieces
  2793 | D:4      | Bought a scroll of fear for 38 gold pieces
  2976 | D:4      | Found a snail-covered altar of Cheibriados.
  3016 | D:4      | Became a worshipper of Beogh the Brigand
  3016 | D:4      | Reached * piety under Beogh
  3016 | D:4      | Reached ** piety under Beogh
  3248 | D:5      | Entered Level 5 of the Dungeon
  3292 | D:5      | Found a sparkling altar of Nemelex Xobeh.
  3561 | D:5      | Found a blossoming altar of Fedhas.
  3613 | D:5      | Found an ancient bone altar of Kikubaaqudgha.
  3615 | D:5      | Found a shimmering altar of Xom.
  3615 | D:5      | Found a glowing silver altar of Zin.
  3617 | D:5      | Found a blossoming altar of Fedhas.
  3617 | D:5      | Found a broken altar of Ashenzari.
  3617 | D:5      | Found a stormy altar of Qazlal.
  3695 | D:5      | Noticed Edmund
  3732 | D:5      | Killed Edmund
  3733 | D:5      | Reached XP level 8. HP: 27/70 MP: 8/8
  4298 | D:5      | Identified a scroll of acquirement
  4300 | D:5      | Acquired a +2 war axe of freezing
  4330 | D:5      | Found a glowing silver altar of Zin.
  4404 | D:5      | Found an opulent altar of Gozag.
  4549 | D:6      | Noticed Pikel
  4572 | D:7      | Killed Pikel
  4573 | D:7      | Reached skill level 10 in Axes
  4651 | D:6      | Reached skill level 5 in Armour
  4718 | D:6      | Reached XP level 9. HP: 80/80 MP: 9/9
  4751 | D:6      | Reached *** piety under Beogh
  4772 | D:6      | Found a staircase to the Ecumenical Temple.
  4777 | D:6      | Noticed Duvessa
  4781 | D:6      | Noticed Dowan
  4795 | D:6      | Reached skill level 1 in Invocations
  4796 | D:6      | Killed Duvessa
  4796 | D:6      | Killed Dowan
  4920 | D:6      | Found Xaecwuts's Armour Shop.
  5117 | D:6      | Noticed Menkaure
  5126 | D:6      | Killed Menkaure
  5349 | D:6      | Found a runed translucent door.
  5350 | D:6      | Noticed Crazy Yiuf
  5600 | D:6      | Killed Crazy Yiuf
  5605 | D:6      | Got a slimy mace
  5606 | D:6      | Identified the +4 mace of War {drain, *Drain rPois Str-2
                  | Dex+7} (You found it on level 6 of the Dungeon)
  6263 | D:7      | Reached **** piety under Beogh
  6264 | D:7      | Reached XP level 10. HP: 65/86 MP: 12/12
  6845 | D:8      | Noticed Gastronok
  6860 | D:8      | Killed Gastronok
  6861 | D:8      | Reached skill level 5 in Invocations
  6991 | D:8      | Noticed Prince Ribbit
  6991 | D:8      | Noticed a two-headed ogre
  7002 | D:8      | Killed a two-headed ogre
  7143 | D:8      | Noticed Grum
  7154 | D:8      | Killed Grum
  7321 | D:8      | Reached skill level 10 in Fighting
  7379 | D:8      | Killed Prince Ribbit
  7380 | D:8      | Reached XP level 11. HP: 73/99 MP: 15/15
  7630 | D:8      | Found Nekhlekukh's Antique Armour Shoppe.
  7964 | D:9      | Noticed a two-headed ogre
  7972 | D:9      | Killed a two-headed ogre
  7973 | D:9      | Reached skill level 15 in Axes
  8027 | D:9      | Gained Koronagh as an ally
  8101 | D:9      | Noticed Harold
  8110 | D:9      | Killed Harold
  8116 | D:9      | Gained Marbaugh as an ally
  8205 | D:9      | Found a staircase to the Orcish Mines.
  8274 | D:9      | Reached ***** piety under Beogh
  8855 | D:10     | Entered Level 10 of the Dungeon
  9032 | D:10     | Found Tiwuefabb's Weapon Boutique.
  9258 | D:10     | Found a staircase to the Lair.
  9452 | D:10     | Found an iron altar of Okawaru.
 10013 | D:11     | Found a sparkling altar of Nemelex Xobeh.
 10285 | D:11     | Found Taanwa's Gadget Emporium.
 10486 | D:12     | Noticed a deep elf mage
 10493 | D:12     | Killed a deep elf mage
 10508 | D:12     | Reached XP level 12. HP: 112/112 MP: 17/17
 10802 | D:12     | Gained Gorg as an ally
 10937 | D:12     | Found a runed translucent gate.
 10937 | D:12     | Found a runed translucent gate.
 10937 | D:12     | Found a runed translucent gate.
 10939 | D:12     | Noticed a nine-headed hydra
 10939 | D:12     | Noticed an 11-headed hydra
 10939 | D:12     | Noticed chaostorm's ghost (journeyman DDFi)
 11193 | D:12     | Noticed a two-headed ogre
 11202 | D:12     | Killed a two-headed ogre
 11324 | D:12     | Noticed Urug
 11336 | D:12     | Killed Urug
 11571 | D:12     | Noticed a six-headed hydra
 11578 | D:12     | Your ally Koronagh died
 11591 | D:12     | Killed a seven-headed hydra
 11916 | D:13     | Noticed a two-headed ogre
 11923 | D:13     | Killed a two-headed ogre
 11924 | D:13     | Reached skill level 10 in Armour
 12337 | D:13     | Noticed a centaur warrior
 12345 | D:13     | Killed a centaur warrior
 12346 | D:13     | Noticed a boulder beetle
 12356 | D:13     | Killed a boulder beetle
 12602 | D:13     | Noticed a two-headed ogre
 12610 | D:13     | Killed a two-headed ogre
 13095 | D:13     | Noticed Jorgrun
 13107 | D:13     | Killed Jorgrun
 13108 | D:13     | Reached skill level 15 in Fighting
 13122 | D:13     | Reached XP level 13. HP: 51/127 MP: 18/18
 13607 | D:14     | Learned a level 2 spell: Corpse Rot
 13748 | D:14     | Reached skill level 1 in Necromancy
 14108 | D:14     | Noticed a vault guard
 14119 | D:14     | Killed a vault guard
 14210 | D:14     | Found a gate to the Vaults.
 14326 | D:14     | Found a blossoming altar of Fedhas.
 14424 | D:14     | Found a runed translucent gate.
 14425 | D:14     | Found a runed translucent gate.
 14426 | D:14     | Found a runed translucent gate.
 14427 | D:14     | Noticed TheGreatAnchovy's ghost (journeyman MiFi)
 14427 | D:14     | Noticed TheGreatAnchovy's ghost (journeyman MiBe)
 14634 | D:15     | Entered Level 15 of the Dungeon
 14682 | D:15     | Gained Bogmar as an ally
 15166 | D:15     | Found a staircase to the Depths.
 15167 | D:15     | Noticed a fire giant
 15178 | D:15     | Your ally Gorg died
 15180 | D:15     | Killed a fire giant
 15357 | D:15     | Found Paboi's Assorted Antiques.
 15365 | D:15     | Bought a scroll of identify for 62 gold pieces
 15702 | D:15     | HP: 5/128 [freezing wraith[a death knight] (6)]
 15702 | D:15     | Mangled by a death knight

Illustrated notes

Levels and vault maps discovered:
D:1:      dpeg_arrival_windows_large_door, layout_rooms, minmay_small_reverse_x
D:2:      layout_loops_ring, supply_closet_lemuel, uniq_robin
D:3:      layout_basic, minivault_26, uniq_grinder, uniq_sigmund
D:4:      layout_loops_ring, cheibriados_altar_1, serial_shops,
          nicolae_shop_crystal
D:5:      layout_gridville, pdpol_temple_overflow_zin_treasury_gozag_greed,
          general_overflow_altar, doesnt_xom_only_xom,
          nicolae_overflow_hidden_temple, serial_bayou_lagoon_a, uniq_edmund
D:6:      layout_cave_pools, minmay_temple_entry_offerings, serial_shops, shop,
          uniq_pikel, uniq_menkaure, uniq_duvessa, uniq_crazy_yiuf_cottage
D:7:      layout_basic
D:8:      minmay_s_stair_smasher, layout_loops_ring, serial_shops,
          kennysheep_mini, uniq_prince_ribbit1, uniq_gastronok, uniq_grum
D:9:      layout_gridville, hiddenorc2_lemuel, uniq_harold
D:10:     layout_gridville, erik_lair_island, serial_shops, shop,
          okawaru_metal_pillars_1_2
D:11:     layout_rooms, basic_altar, serial_shops, kennysheep_mini_moat
D:12:     layout_irregular_city, gammafunk_ghost_hydra_chop,
          minmay_misc_feat_diagonals, uniq_urug
D:13:     layout_long_grid, amethyst_killhole, uniq_jorgrun
D:14:     layout_long_grid, david_vaults_4, fedhas_altar_fruit_tree,
          gammafunk_ghost_cemetery
D:15:     grunt_enter_depths_giant_problem, layout_grid_maze, serial_shops,
          nicolae_shop_waterfront

Skill      XL: |  1  2  3  4  5  6  7  8  9 10 11 12 13 |
---------------+----------------------------------------+-----
Fighting       | 4 5 6 7 8 10 12 15 16 | 16.4
Armour         | 1 2 3 4 5 6 7 9 10 11 | 11.9
Axes           | 5 6 7 8 9 11 13 14 16 | 16.3
Invocations    | 3 6 7 |  7.0
Necromancy     | 2 |  2.0
Short Blades   | |  0.4
Dodging        | |  2.4
Stealth        | |  1.5

Action                   |  1- 3 |  4- 6 |  7- 9 | 10-12 | 13-15 || total
-------------------------+-------+-------+-------+-------+-------++-------
Melee: Hand axe          |   124 |   173 |   140 |       |       ||   437
       War axe           |       |       |   147 |   407 |    10 ||   564
       Dagger            |       |       |    27 |     2 |     3 ||    32
       Executioner's axe |       |       |       |       |    80 ||    80
       Flail             |       |       |       |       |     5 ||     5
Invok: Convert to Beogh  |       |       |     1 |       |       ||     1
       Smiting           |       |       |       |     5 |    11 ||    16
       Give Item to Name |       |       |       |     3 |     1 ||     4
       Recall Orcish Fol |       |       |       |     3 |     2 ||     5
  Use: Scroll            |       |     5 |    13 |     6 |     9 ||    33
       Potion            |       |     6 |     6 |     3 |     1 ||    16
 Stab: Sleeping          |     1 |       |     1 |     2 |       ||     4
       Distracted        |       |     1 |     1 |     6 |     2 ||    10
       Invisible         |       |       |       |     5 |       ||     5
Armor: Robe              |    47 |    14 |    13 |       |       ||    74
       Leather armour    |       |       |    58 |    95 |       ||   153
       Scale mail        |       |       |       |       |    75 ||    75
Dodge: Dodged            |   152 |    95 |   190 |   265 |    64 ||   766
